 Dungeon Crawl Stone Soup version 0.28.0 (webtiles) character file.

Game seed: 5875893431552515579

62802 horus123 the Warrior (level 14, -5/137 HPs)
             Began as a Minotaur Fighter on Feb 6, 2022.
             Was the Champion of Nemelex Xobeh.
             Slain by a fire crab (10 damage)
             ... on level 2 of the Orcish Mines.
             The game lasted 00:51:15 (20137 turns).

horus123 the Warrior (Minotaur Fighter)            Turns: 20137, Time: 00:51:16

Health: -5/137     AC: 19    Str: 30    XL:     14   Next: 65%
Magic:  20/20      EV: 13    Int:  3    God:    Nemelex Xobeh [******]
Gold:   2584       SH: 11    Dex: 12    Spells: 13/13 levels left

rFire   . . .      SeeInvis .   s - +10 zealot's sword {holy, *Rage rN+ EV+3}
rCold   . . .      Faith    .   N - +0 kite shield
rNeg    + . .      Spirit   .   W - +1 plate armour
rPois   .          Reflect  .   (helmet restricted)
rElec   .          Harm     .   x - +0 cloak
rCorr   .          Rampage  .   o - +2 pair of gloves
Will    +....      Rage     20% (no boots)
Stlth   ..........              Q - amulet of regeneration
HPRegen 1.12/turn               J - +4 ring of protection
MPRegen 0.17/turn               B - +6 ring of strength

@: on berserk cooldown, slowed, studying Conjurations, very slow
A: horns 2, retaliatory headbutt, deformed body, dopey 1
a: Renounce Religion, Draw Escape, Draw Destruction, Draw Summoning, Triple
Draw, Deal Four, Stack Five


You were on level 2 of the Orcish Mines.
You worshipped Nemelex Xobeh.
Nemelex Xobeh was exalted by your worship.
You visited 3 branches of the dungeon, and saw 19 of its levels.
You also visited: Ossuary.

You collected 3478 gold pieces.
You spent 894 gold pieces at shops.

Inventory:

Hand Weapons
 a - a +2 spectral flail
 s - the +10 zealot's sword (weapon) {holy, *Rage rN+ EV+3}
   (You found it on level 5 of the Dungeon)

   It has been blessed by the Shining One to cause great damage to the undead
   and demons.
   Whenever the wielder enters a berserk rage, their allies are berserked
   alongside them.
   EV:        It affects your evasion (+3).
   rN:        It protects you from negative energy.
   *Rage:     It berserks you when you make melee attacks (+20% chance).
Missiles
 q - 10 boomerangs
 K - 2 throwing nets
Armour
 j - a +2 plate armour of poison resistance
 o - a +2 pair of gloves (worn)
 x - a +0 cloak (worn)
 N - a +0 kite shield (worn)
 W - a +1 plate armour (worn)
Jewellery
 c - an amulet of magic regeneration
 B - a +6 ring of strength (right hand)
 J - a +4 ring of protection (left hand)
 Q - an amulet of regeneration (around neck)
 R - a +4 ring of protection
Wands
 n - a wand of polymorph (15)
 C - a wand of acid (11)
 E - a wand of iceblast (15)
 P - a wand of flame (37)
Scrolls
 b - a scroll of brand weapon
 d - a scroll of holy word
 e - 2 scrolls of identify
 i - 6 scrolls of teleportation
 k - 3 scrolls of amnesia
 u - a scroll of magic mapping
 v - 2 scrolls of blinking
 y - a scroll of enchant weapon
 L - a scroll of fear
 M - 4 scrolls of fog
 O - a scroll of silence
Potions
 f - 3 potions of cancellation
 g - 3 potions of invisibility
 h - 5 potions of curing
 l - 2 potions of mutation
 m - 2 potions of haste
 p - a potion of brilliance
 r - 2 potions of ambrosia
 t - 4 potions of might
 w - 3 potions of flight
 U - a potion of resistance


   Skills:
 + Level 16.2 Fighting
 - Level 13.7 Long Blades
 - Level 9.6 Maces & Flails
 - Level 10.7 Armour
 - Level 10.1 Dodging
 - Level 11.0 Shields
 - Level 10.2 Invocations


You had 13 spell levels left.
You didn't know any spells.
Your spell library contained the following spells:

 Spells                   Type           Power      Damage    Failure   Level
 Apportation              Tloc           0%         N/A       100%        1
 Ensorcelled Hibernation  Hex/Ice        0%         N/A       100%        2
 Passwall                 Tmut/Erth      0%         N/A       100%        2
 Ignite Poison            Fire/Tmut/Pois 0%         N/A       100%        3
 Inner Flame              Hex/Fire       0%         N/A       100%        3
 Mephitic Cloud           Conj/Pois/Air  0%         N/A       100%        3
 Spider Form              Tmut/Pois      0%         N/A       100%        3
 Swiftness                Air            0%         N/A       100%        3
 Tukima's Dance           Hex            0%         N/A       100%        3
 Anguish                  Hex/Necr       0%         N/A       100%        4
 Animate Armour           Summ/Erth      0%         N/A       100%        4
 Cause Fear               Hex            0%         N/A       100%        4
 Alistair's Intoxication  Tmut/Pois      0%         N/A       100%        5
 Blade Hands              Tmut           0%         N/A       100%        5
 Borgnjor's Vile Clutch   Necr/Erth      0%         N/A       100%        5
 Freezing Cloud           Conj/Ice/Air   0%         6-21      100%        5
 Eringya's Noxious Bog    Tmut/Pois      0%         N/A       100%        6
 Iron Shot                Conj/Erth      0%         9d1       100%        6
 Enfeeble                 Hex            0%         N/A       100%        7
 Discord                  Hex            0%         N/A       100%        8


Dungeon Overview and Level Annotations

Branches:
Dungeon (11/15)            Temple (0/1) D:5            Lair (6/6) D:10
  Swamp (0/4) Lair:2        Snake (0/4) Lair:4        Slime (0/5) Lair:5
    Orc (2/2) D:11        Ossuary (visited)
    Elf: Orc:2

Altars:
Elyvilon
Fedhas
Gozag
Kikubaaqudgha
Nemelex Xobeh
Okawaru
Qazlal
Sif Muna
Trog
Wu Jian
Xom
Jiyva

Shops:
D:3 ?   Orc:2 *[(!*

Annotations:
D:6 2 runed translucent doors, blackman's ghost, novice MiFi
Lair:1 1 runed translucent door, Bauqient's ghost, journeyman MfSu


Innate Abilities, Weirdness & Mutations

You have a pair of horns on your head.
You reflexively headbutt those who attack you in melee.
Armour fits poorly on your strangely shaped body.
You are dopey. (Int -2)


Message History

* * * LOW HITPOINT WARNING * * *
You slice the orc warrior!!
You kill the orc warrior!
The orc priest calls down the wrath of Beogh upon you.
Beogh smites you!
* * * LOW HITPOINT WARNING * * *
Okay, then.
You are too injured to fight recklessly!
Activating: Draw Destruction
Press: ? - help, Q - select action, (/) - cycle Dir - look around, f - activate You draw a card...
You have drawn Degeneration.
The orc sorcerer evaporates and reforms as a fire crab!
The fire crab twists and deforms.
The orc warrior evaporates and reforms as a river rat!
The river rat twists and deforms.
The red devil evaporates and reforms as a chaos spawn!
The ice devil evaporates and reforms as a hellwing!
The hellwing twists and deforms.
The orc priest evaporates and reforms as a jackal!
The jackal twists and deforms.
The smoke demon evaporates and reforms as a neqoxec!
The neqoxec twists and deforms.
The fire crab bites you but does no damage.
The fire crab closely misses you. The neqoxec gestures at you.
Something tries to feed on your intellect!
You have drawn the Orb.
Press: ? - help, Shift-Dir - straight line, f - fire crab
Aim: a fire crab (misshapen and mutated)
The wavering orb of destruction weakly hits the fire crab!!
The fire crab is heavily wounded.
The fire crab bites you but does no damage.
The fire crab completely misses you.
You slice the fire crab!! You headbutt the fire crab.
The fire crab is almost dead.
The fire crab bites you.
* * * LOW HITPOINT WARNING * * *
You are engulfed in flames!
You die...
Your body glows with a rainbow of weird colours and disappears.

#.......)..####.....
..........###.....# ### ##
..................# ###.## #.
.....##........#### #....###
## .... #....4..)## #......#
### ... #..4.)..4h## ##...^.#
##.. ..
####...oooo4r####......###...
.
.)....)..oo#t#.........##....
........3..#@#.....#.........
.......##)###.###...#.........
.....###.))..∩..'.####........
..... ##.###.###..# #........
... ### #.# ..## #........ .
#'# ... #.....###©
..#....##....##.##
..##........## .. ..##......


You could see a fire crab (misshapen), a hellwing (summoned, misshapen), a chaos
spawn (summoned), a river rat (misshapen) and a jackal (misshapen).

Vanquished Creatures
  2 orc warlords (Orc:2)
  The ghost of Ikheod the Impaler, a journeyman MfGl of Okawaru (Lair:6)
  A fire dragon (Lair:6)
  Erolcha (D:9)
  2 boulder beetles
  8 hydras
  Harold (D:10)
  A catoblepas (Lair:6)
  2 two-headed ogres
  The ghost of Dystiama the Archer, a novice MiHu of Dithmenos (D:10)
  A dancing weapon (D:10)
  3 death yaks (Lair:5)
  An orc high priest (Orc:2)
  The ghost of Anonymone the Poker, a novice DsGl of Makhleb (D:9)
  A lindwurm (Lair:6)
  2 orc knights
  A necromancer (Lair:4)
  Pikel (D:5)
  A mana viper (Lair:6)
  A shining eye (Lair:6)
  4 orc sorcerers
  A cyclops (D:11)
  An oklob plant (D:10)
  An ugly thing (D:9)
  18 elephants
  7 black mambas
  A molten gargoyle (Lair:6)
  11 cane toads
  A gargoyle (D:8)
  An unseen horror (D:10)
  4 rime drakes
  10 komodo dragons
  2 trolls
  A polar bear (Lair:4)
  2 hornets (D:8)
  Grinder (D:3)
  11 blink frogs
  A slime creature (D:9)
  4 dream sheep (Lair:6)
  A spriggan (Lair:6)
  4 centaur simulacra (D:9)
  4 shadows
  3 wyverns
  A neqoxec (Lair:6)
  5 basilisks
  2 wraiths
  24 yaks
  3 steam dragons
  4 wargs (Orc:2)
  4 nagas (Lair:4)
  13 water moccasins
  2 hell hounds (Lair:6)
  4 black bears
  3 sky beasts
  An ice beast (D:5)
  A meliai simulacrum (D:9)
  26 orc warriors
  A boggart (Orc:1)
  6 ogres
  10 wolves
  6 centaurs
  A lemure (D:5)
  A kobold brigand (D:9)
  2 wyvern zombies
  2 gnoll sergeants
  5 scorpions
  10 bullfrogs
  A wyvern skeleton (D:5)
  12 wights
  15 killer bees
  8 electric eels
  10 howler monkeys
  3 lava snakes (Lair:6)
  4 centaur zombies
  5 bullfrog zombies
  A centaur skeleton (D:6)
  A hound (D:5)
  A human zombie (Ossuary)
  12 orc priests
  A gnoll shaman (D:7)
  4 iguanas
  3 jellies
  12 orc wizards
  A polar bear simulacrum (Lair:4)
  14 hell rats
  2 killer bee zombies (D:5)
  6 yak simulacra (Lair:4)
  A wolf simulacrum (Lair:4)
  2 hound zombies (Ossuary)
  A hound skeleton (D:4)
  4 mummies (Ossuary)
  19 gnolls
  3 howler monkey zombies
  5 adders
  A shadow imp (D:7)
  An ufetubus (D:4)
  2 adder zombies (Ossuary)
  2 worms (D:3)
  A dart slug (D:4)
  57 orcs
  5 endoplasms
  2 giant cockroaches
  3 gnoll zombies (Ossuary)
  4 goblins
  3 hobgoblins
  2 jackals (D:2)
  10 kobolds
  4 quokkas
  6 ball pythons
  4 bats
  4 frilled lizards
  A goblin zombie (Ossuary)
  A jackal zombie (Ossuary)
  2 orc zombies (Ossuary)
  A rat (D:1)
  3 river rat simulacra (Lair:4)
  A butterfly (Lair:4)
535 creatures vanquished.

Vanquished Creatures (collateral kills)
  A molten gargoyle (Lair:6)
  A steam dragon (Lair:6)
  A lava snake (Lair:6)
3 creatures vanquished.

Vanquished Creatures (others)
  47 fungi
  24 plants
71 creatures vanquished.

Grand Total: 609 creatures vanquished

Notes
Turn   | Place    | Note
-------+----------+-------------------------------------------
     0 | D:1      | horus123 the Minotaur Fighter began the quest for the Orb.
     0 | D:1      | Reached XP level 1. HP: 19/19 MP: 0/0
    96 | D:1      | Reached skill level 4 in Fighting
   135 | D:1      | Reached XP level 2. HP: 26/27 MP: 1/1
   899 | D:2      | Reached skill level 1 in Dodging
  1000 | D:3      | Found Hajutojy's Magic Scroll Boutique.
  1040 | D:3      | Found a faded altar of an unknown god.
  1052 | D:3      | Reached XP level 3. HP: 32/33 MP: 2/2
  1096 | D:2      | HP: 1/33 [poisoned by a kobold]
  1837 | D:3      | Reached XP level 4. HP: 39/40 MP: 3/3
  2104 | D:3      | Noticed Grinder
  2115 | D:3      | Paralysed by Grinder for 3 turns
  2134 | D:3      | Killed Grinder
  2135 | D:3      | Reached XP level 5. HP: 26/46 MP: 4/4
  2135 | D:3      | Reached XP level 6. HP: 30/52 MP: 5/5
  2474 | D:3      | Found a shimmering blue altar of Sif Muna.
  2609 | D:4      | Found a white marble altar of Elyvilon.
  2609 | D:4      | Found a blossoming altar of Fedhas.
  2610 | D:4      | Found a sparkling altar of Nemelex Xobeh.
  2623 | D:4      | Became a worshipper of Nemelex Xobeh the Trickster
  3368 | D:4      | Reached XP level 7. HP: 54/59 MP: 6/6
  3701 | D:5      | Entered Level 5 of the Dungeon
  3708 | D:5      | Found a staircase to the Ecumenical Temple.
  3714 | D:5      | Reached * piety under Nemelex Xobeh
  3746 | D:5      | Received a gift from Nemelex Xobeh
  4028 | D:5      | Found the +10 zealot's sword {holy, *Rage rN+ EV+3}
  4081 | D:5      | Noticed a two-headed ogre
  4097 | D:5      | Killed a two-headed ogre
  4098 | D:5      | Reached XP level 8. HP: 42/66 MP: 7/7
  4383 | D:5      | Found a bloodstained altar of Trog.
  4383 | D:5      | Noticed Pikel
  4393 | D:5      | Killed Pikel
  4394 | D:5      | Reached skill level 10 in Long Blades
  4394 | D:5      | Reached XP level 9. HP: 71/71 MP: 8/8
  4797 | D:6      | Found an ornate altar of the Wu Jian Council.
  4919 | D:6      | Found a large runed translucent door.
  4919 | D:6      | Found a large runed translucent door.
  4925 | D:6      | Noticed blackman's ghost (novice MiFi)
  5051 | D:6      | Reached ** piety under Nemelex Xobeh
  5115 | D:6      | Identified the ring "Cucaximn" {Drain rN+ rCorr MP+9 Int+3}
  5404 | D:7      | Found an iron altar of Okawaru.
  5419 | D:7      | Received a gift from Nemelex Xobeh
  5814 | D:7      | Found a sand-covered staircase.
  5908 | Ossuary  | Entered an ossuary
  6128 | Ossuary  | Received a gift from Nemelex Xobeh
  6163 | D:7      | Found a stormy altar of Qazlal.
  6407 | D:7      | Reached *** piety under Nemelex Xobeh
  6499 | D:8      | Reached XP level 10. HP: 66/78 MP: 9/9
  6582 | D:8      | Reached skill level 5 in Fighting
  6633 | D:8      | Reached skill level 6 in Fighting
  7039 | D:8      | Noticed a gargoyle
  7045 | D:8      | Killed a gargoyle
  7046 | D:8      | Reached skill level 7 in Fighting
  7199 | D:8      | Received a gift from Nemelex Xobeh
  7269 | D:8      | Reached skill level 8 in Fighting
  7477 | D:8      | Reached skill level 9 in Fighting
  7692 | D:9      | Noticed a green ugly thing
  7694 | D:9      | Reached skill level 5 in Armour
  7702 | D:9      | Killed a green ugly thing
  8032 | D:9      | Found a runed translucent gate.
  8032 | D:9      | Found a runed translucent gate.
  8033 | D:9      | Found a runed translucent gate.
  8043 | D:9      | Reached XP level 11. HP: 97/97 MP: 10/10
  8107 | D:9      | Noticed Erolcha
  8115 | D:9      | Killed Erolcha
  8411 | D:9      | Noticed Anonymone's ghost (novice DsGl)
  8562 | D:9      | Reached skill level 10 in Armour
  8589 | D:9      | Killed Anonymone's ghost
  8738 | D:10     | Entered Level 10 of the Dungeon
  8752 | D:10     | Noticed an oklob plant
  8772 | D:10     | Reached **** piety under Nemelex Xobeh
  8772 | D:10     | Noticed Harold
  8786 | D:10     | Killed Harold
  8796 | D:10     | Reached skill level 5 in Dodging
  8896 | D:10     | Received a gift from Nemelex Xobeh
  9003 | D:10     | Found a shimmering altar of Xom.
  9004 | D:10     | Found a shimmering altar of Xom.
  9005 | D:10     | Found a shimmering altar of Xom.
  9005 | D:10     | Found a shimmering altar of Xom.
  9008 | D:10     | Found a shimmering altar of Xom.
  9008 | D:10     | Found a shimmering altar of Xom.
  9008 | D:10     | Found a shimmering altar of Xom.
  9008 | D:10     | Found a shimmering altar of Xom.
  9055 | D:10     | Found an opulent altar of Gozag.
  9200 | D:10     | Found a runed translucent door.
  9200 | D:10     | Found a shimmering altar of Xom.
  9201 | D:10     | Noticed Dystiama's ghost (novice MiHu)
  9201 | D:10     | Noticed a +2 quarterstaff of chaos
  9422 | D:10     | Found a staircase to the Lair.
  9741 | D:10     | Killed an oklob plant
  9775 | Lair:1   | Entered Level 1 of the Lair of Beasts
  9937 | Lair:1   | Noticed a seven-headed hydra
  9951 | Lair:1   | Killed a 13-headed hydra
  9952 | Lair:1   | Reached XP level 12. HP: 104/104 MP: 11/11
 10047 | Lair:1   | Received a gift from Nemelex Xobeh
 10216 | Lair:1   | Found a runed translucent door.
 10216 | Lair:1   | Noticed Bauqient's ghost (journeyman MfSu)
 10746 | Lair:2   | Received a gift from Nemelex Xobeh
 10785 | Lair:2   | Reached skill level 10 in Dodging
 10900 | Lair:2   | Received a gift from Nemelex Xobeh
 10957 | Lair:2   | Identified the +4 long sword of Resonant Tenacity {vamp,
                  | rElec rF+}
 11107 | Lair:2   | Reached skill level 5 in Shields
 11162 | Lair:2   | Reached ***** piety under Nemelex Xobeh
 11255 | Lair:2   | Received a gift from Nemelex Xobeh
 11576 | Lair:2   | Found a staircase to the Swamp.
 11929 | Lair:2   | Received a gift from Nemelex Xobeh
 12544 | Lair:3   | Reached skill level 10 in Shields
 12590 | Lair:3   | Noticed a five-headed hydra
 12597 | Lair:3   | Killed an eight-headed hydra
 12733 | Lair:3   | Reached skill level 1 in Invocations
 12839 | Lair:3   | Identified 2 scrolls of acquirement
 12839 | Lair:3   | Acquired 1056 gold pieces
 12841 | Lair:3   | Acquired an amulet of regeneration
 12923 | Lair:3   | Received a gift from Nemelex Xobeh
 13746 | Lair:4   | Found a staircase to the Snake Pit.
 13996 | Lair:4   | Received a gift from Nemelex Xobeh
 14060 | Lair:4   | Noticed a boulder beetle
 14067 | Lair:4   | Killed a boulder beetle
 14068 | Lair:4   | Reached skill level 5 in Invocations
 14068 | Lair:4   | Reached XP level 13. HP: 111/111 MP: 15/15
 14758 | D:3      | Bought a scroll of acquirement for 624 gold pieces
 14758 | D:3      | Acquired 609 gold pieces
 15285 | Lair:5   | Received a gift from Nemelex Xobeh
 15367 | Lair:5   | Identified the amulet "Zuituhin" {Spirit Dex+7 Slay-6 SInv}
 15541 | Lair:5   | Reached ****** piety under Nemelex Xobeh
 15881 | Lair:5   | Found a staircase to the Slime Pits.
 15882 | Lair:5   | Found a viscous altar of Jiyva.
 15885 | Lair:5   | Received a gift from Nemelex Xobeh
 16181 | Lair:6   | Entered Level 6 of the Lair of Beasts
 16361 | Lair:6   | Found a runed translucent gate.
 16361 | Lair:6   | Found a runed translucent gate.
 16361 | Lair:6   | Found a runed translucent gate.
 16385 | Lair:6   | Reached skill level 10 in Invocations
 16493 | Lair:6   | Received a gift from Nemelex Xobeh
 16522 | Lair:6   | Identified the ring "Emutuats" {Wiz rPois rF- Str+7}
 16548 | Lair:6   | Noticed Urug
 16549 | Lair:6   | Noticed Urug
 16549 | Lair:6   | Urug changed into Urug the shining eye
 16550 | Lair:6   | Gained mutation: Armour fits poorly on your strangely
                  | shaped body. [Urug]
 16553 | Lair:6   | Gained mutation: You are dopey. (Int -2) [Urug]
 16555 | Lair:6   | Killed Urug the shining eye
 16556 | Lair:6   | Reached skill level 10 in Fighting
 16791 | Lair:6   | Reached skill level 11 in Fighting
 16970 | Lair:6   | Received a gift from Nemelex Xobeh
 17012 | Lair:6   | Reached skill level 12 in Fighting
 17093 | Lair:6   | Found a large runed translucent door.
 17100 | Lair:6   | Reached XP level 14. HP: 126/126 MP: 20/20
 17219 | Lair:6   | Found a large runed translucent door.
 17442 | Lair:6   | Noticed Ikheod's ghost (journeyman MfGl)
 17480 | Lair:6   | Killed Ikheod's ghost
 17481 | Lair:6   | Reached skill level 13 in Fighting
 17540 | Lair:6   | Identified the +11 broad axe of Spontaneous Combustion
                  | {protect, rC+}
 17975 | D:10     | Killed Dystiama's ghost
 18164 | D:11     | Received a gift from Nemelex Xobeh
 18258 | D:11     | Found a staircase to the Orcish Mines.
 18310 | D:11     | Found an ancient bone altar of Kikubaaqudgha.
 18310 | D:11     | Received a gift from Nemelex Xobeh
 18458 | D:11     | Reached skill level 14 in Fighting
 19446 | Orc:1    | Entered Level 1 of the Orcish Mines
 19596 | Orc:2    | Entered Level 2 of the Orcish Mines
 19596 | Orc:2    | Found Xowoxkos's Antique Weapon Emporium.
 19603 | Orc:2    | Found Tuhi Rai's Distillery.
 19618 | Orc:2    | Bought a potion of heal wounds for 75 gold pieces
 19618 | Orc:2    | Bought a potion of heal wounds for 75 gold pieces
 19618 | Orc:2    | Bought a potion of heal wounds for 75 gold pieces
 19618 | Orc:2    | Bought a potion of curing for 45 gold pieces
 19639 | Orc:2    | Noticed an orc warlord
 19651 | Orc:2    | Reached skill level 15 in Fighting
 19669 | Orc:2    | Killed an orc warlord
 19769 | Orc:2    | Found Miriusill's General Store.
 19886 | Orc:2    | Found Fiuzuto's Armour Shop.
 19906 | Orc:2    | Noticed an orc warlord
 19919 | Orc:2    | Killed an orc warlord
 19956 | Orc:2    | Reached skill level 16 in Fighting
 20101 | Orc:2    | Found Habuxte's Assorted Antiques.
 20134 | Orc:2    | HP: 2/137 [orc priest/divine providence[an orc high priest]
                  | (11)]
 20137 | Orc:2    | Slain by a fire crab

Illustrated notes

Levels and vault maps discovered:
D:1:      lemuel_arrival_room, layout_rooms, minmay_misc_feat_hallway,
          minmay_strange_pillars
D:2:      layout_basic
D:3:      layout_loops_ring, led_sif_book, cheibrodos_sewer_entry_bend,
          ebering_ecumenical_altar_sacrificial, serial_shops,
          nicolae_lakefront_shop, nrook_mini_backslash, uniq_grinder
D:4:      layout_loops_cross, gammafunk_temple_overflow_claw,
          minmay_quadrilaterals
D:5:      layout_basic, nicolae_overflow_crystal_walls,
          minmay_temple_entry_ruins, st_stairs_2, minmay_manual_moon, uniq_pikel
D:6:      layout_basic, mainiacjoe_overflow_six_doors_small,
          ebering_ghost_disaster_area
D:7:      layout_gridville, okawaru_gym_becter,
          nicolae_qazlal_scattered_showers, nicolae_ossuary_entry_ruins,
          hangedman_decor_riveting
D:8:      layout_basic, chequers_mini_garden
D:9:      hangedman_cross_stitches, layout_rooms, gammafunk_ghost_necromancy,
          uniq_erolcha
D:10:     layout_gridville, mainiacjoe_overflow_tiny_flanked, xom_redecorated,
          dpeg_oklobed_lair, ebering_ghost_xom, uniq_harold
D:11:     layout_grid_maze, hiddenorc2_lemuel,
          nicolae_kikubaaqudgha_miasma_corner
Lair:1:   layout_misc_corridors, hellmonk_ghost_happy_afterlife
Lair:2:   layout_chaotic_city, swamp_mist, gauntlet_entry_generic,
          disabler_island
Lair:3:   layout_gridlike
Lair:4:   layout_roguey, minmay_snake_entry_guardpost_medium, st_stairs_9,
          eino_house_with_fridge, lemuel_fruit_fields,
          infiniplex_staircase_pool_2
Lair:5:   layout_concentric_octagons, slime_altar_1, grunt_megastairs_1
Lair:6:   cheibrodos_lair_end_hotspot, layout_cave_shapes,
          gammafunk_ghost_hydra_chop, serial_bayou_shore_b, uniq_urug
Orc:1:    layout_diamond_mine
Orc:2:    grunt_orc_gardens, layout_diamond_mine, grunt_orc_garden,
          grunt_orc_garden, grunt_orc_garden, grunt_orc_garden, basic_altar,
          serial_shops, nicolae_shop_hallway_stairs, shop_statue, shop,
          nicolae_shop_hallway_plus, gammafunk_ghost_stat_death

Skill      XL: |  1  2  3  4  5  6  7  8  9 10 11 12 13 14 |
---------------+-------------------------------------------+-----
Fighting       | 4 9 12 16 | 16.2
Maces & Flails | 3 6 8 9 |  9.6
Armour         | 4 7 10 | 10.7
Dodging        | 1 3 9 10 | 10.1
Long Blades    | 7 10 13 | 13.7
Shields        | 11 | 11.0
Invocations    | 5 10 | 10.2

Action                   |  1- 3 |  4- 6 |  7- 9 | 10-12 | 13-15 || total
-------------------------+-------+-------+-------+-------+-------++-------
Melee: Flail             |    69 |    69 |    32 |       |       ||   170
       Headbutt          |     9 |    12 |    29 |    88 |   105 ||   243
       Unarmed           |       |     9 |       |       |       ||     9
       Eudemon blade     |       |       |   135 |   427 |   507 ||  1069
Invok: Draw Destruction  |       |       |       |     6 |    29 ||    35
       Draw Escape       |       |       |       |     1 |       ||     1
       Draw Summoning    |       |       |       |       |     2 ||     2
  Use: Scroll            |     5 |     4 |     6 |    16 |     4 ||    35
       Potion            |     3 |       |     1 |     7 |    10 ||    21
 Stab: Invisible         |       |       |       |     1 |       ||     1
Armor: Scale mail        |    36 |    22 |    19 |       |       ||    77
       Skin              |       |     2 |       |       |       ||     2
       Chain mail        |       |       |    14 |   131 |       ||   145
       Plate armour      |       |       |       |    46 |   188 ||   234
Dodge: Dodged            |    40 |    30 |    73 |   245 |   209 ||   597
Block: Buckler           |    15 |    11 |    36 |    31 |       ||    93
       Kite shield       |       |       |       |   115 |   314 ||   429
